 Dungeon Crawl Stone Soup version 0.29-a0-620-g13ace881f2 (webtiles) character file.

Game seed: 5528215356236779023

11542 xian the Carver (level 11, -2/84 HPs)
             Began as a Demonspawn Gladiator on June 19, 2022.
             Was a Priest of Wu Jian.
             Engulfed by a smoke demon's steam (5 damage)
             ... summoned by an obsidian statue
             ... on level 10 of the Dungeon.
             The game lasted 00:47:54 (11626 turns).

xian the Carver (Demonspawn Gladiator)             Turns: 11626, Time: 00:47:55

Health: -2/84      AC: 25    Str: 17    XL:     11   Next: 50%
Magic:  11/11      EV:  9    Int: 19    God:    Wu Jian [***...]
Gold:   950        SH:  0    Dex: 31    Spells: 10/10 levels left

rFire   . . .      SeeInvis +   N - +5 quarterstaff of Exquisite Death {vamp, Int+4 Dex+6}
rCold   + . .      Faith    .   (shield currently unavailable)
rNeg    + . .      Spirit   .   g - +0 plate armour of Suxacage {rPois rF- Will+}
rPois   +          Reflect  .   G - +0 hat {SInv}
rElec   .          Harm     .   z - scarf {rC+ rF+}
rCorr   .          Rampage  .   s - +0 pair of gloves
Will    +....                   O - +0 pair of boots
Stlth   ..........              H - amulet of the acrobat
HPRegen 0.24/turn               c - ring "Izoexax" {rN+ Int+6}
MPRegen 0.12/turn               I - +6 ring of dexterity

@: sanguine armoured, studying 2 skills
A: powered by death 3, sanguine armour 2, demonic touch 2, horns 1, talons 1,
agile 1, wild magic 1
a: Renounce Religion, Wall Jump, Serpent's Lash


You were on level 10 of the Dungeon.
You worshipped Wu Jian.
Wu Jian was most pleased with you.
You visited 2 branches of the dungeon, and saw 11 of its levels.
You also visited: Ossuary.

You collected 950 gold pieces.

Inventory:

Hand Weapons
 a - a +1 vampiric long sword
 N - the +5 quarterstaff of Exquisite Death (weapon) {vamp, Int+4 Dex+6}
   (You found it on level 8 of the Dungeon)

   It occasionally heals its wielder for a portion of the damage dealt when it
   wounds a living foe.
   Int:       It affects your intelligence (+4).
   Dex:       It affects your dexterity (+6).
Missiles
 d - 3 throwing nets (quivered)
 e - a javelin
 m - 6 datura-tipped darts
 F - 6 atropa-tipped darts
 S - 12 poisoned darts
Armour
 g - the +0 plate armour of Suxacage (worn) {rPois rF- Will+}
   (You acquired it on level 10 of the Dungeon)

   rF:        It makes you vulnerable to fire.
   rPois:     It protects you from poison.
   Will:      It increases your willpower.
 s - a +0 pair of gloves (worn)
 w - a +3 buckler
 z - a scarf of resistance (worn)
 G - a +0 hat of see invisible (worn)
 O - a +0 pair of boots (worn)
 R - the +3 leather armour of Prudence {Rampage Will+ Dex+2}
   (You found it on level 9 of the Dungeon)

   Dex:       It affects your dexterity (+2).
   Rampage:   It bestows one free step when moving towards enemies.
   Will:      It increases your willpower.
Jewellery
 c - the ring "Izoexax" (left hand) {rN+ Int+6}
   (You found it on level 5 of the Dungeon)

   [ring of intelligence]

   Int:       It affects your intelligence (+6).
   rN:        It protects you from negative energy.
 j - the ring "Ari Gyawk" {rPois rF+ Int+4}
   (You took it off an orc warrior on level 10 of the Dungeon)

   [ring of protection from fire]

   Int:       It affects your intelligence (+4).
   rF:        It protects you from fire.
   rPois:     It protects you from poison.
 v - a ring of wizardry
 H - an amulet of the acrobat (around neck)
 I - a +6 ring of dexterity (right hand)
Wands
 o - a wand of flame (34)
 K - a wand of iceblast (11)
 V - a wand of paralysis (6)
 Z - a wand of digging (4)
Scrolls
 b - 4 scrolls of teleportation
 h - 3 scrolls of enchant armour
 n - 6 scrolls of fear
 u - a scroll of amnesia
 D - 3 scrolls of blinking
 E - 3 scrolls of fog
 L - a scroll of brand weapon
 P - a scroll of enchant weapon
 Q - 2 scrolls of immolation
 U - 4 scrolls of identify
 Y - a scroll of magic mapping
Potions
 f - 2 potions of magic
 i - a potion of resistance
 k - 5 potions of flight
 l - 2 potions of ambrosia
 p - a potion of haste
 q - a potion of attraction
 r - 3 potions of brilliance
 A - 2 potions of invisibility
 B - 3 potions of curing
 C - 3 potions of lignification
 J - a potion of mutation
 W - 2 potions of might
Miscellaneous
 T - a phantom mirror (inert)
 X - a box of beasts


   Skills:
 + Level 7.1 Fighting
 + Level 10.7 Long Blades
 + Level 7.5 Staves
 + Level 3.0 Throwing
 + Level 8.0 Armour
 + Level 4.5 Dodging
 + Level 1.2 Stealth
 + Level 4.6 Shields
 + Level 1.1 Evocations


You had 10 spell levels left.
You didn't know any spells.
Your spell library contained the following spells:

 Spells                   Type           Power      Damage    Failure   Level
 Apportation              Tloc           0%         N/A       100%        1
 Sting                    Tmut/Pois      0%         1d3       100%        1
 Poisonous Vapours        Pois/Air       0%         N/A       100%        2
 Static Discharge         Conj/Air       0%         N/A       100%        2
 Conjure Flame            Conj/Fire      0%         6-21      100%        3
 Dazzling Flash           Conj/Hex       0%         N/A       100%        3
 Frozen Ramparts          Ice            0%         1d2       100%        3
 Ignite Poison            Fire/Tmut/Pois 0%         N/A       100%        3
 Ozocubu's Armour         Ice            0%         N/A       100%        3
 Airstrike                Air            0%         N/A       100%        4
 Dispel Undead            Necr           0%         3d6       100%        4
 Ice Form                 Ice/Tmut       0%         N/A       100%        4
 Olgreb's Toxic Radiance  Pois           0%         N/A       100%        4
 Sticky Flame             Conj/Fire      0%         2d3       100%        4
 Summon Ice Beast         Ice/Summ       0%         N/A       100%        4
 Summon Lightning Spire   Summ/Air       0%         N/A       100%        4
 Agony                    Necr           0%         N/A       100%        5
 Alistair's Intoxication  Tmut/Pois      0%         N/A       100%        5
 Lightning Bolt           Conj/Air       0%         1d11      100%        5
 Silence                  Hex/Air        0%         N/A       100%        5
 Ozocubu's Refrigeration  Ice            0%         4d5       100%        7


Dungeon Overview and Level Annotations

Branches:
Dungeon (10/15)            Temple (1/1) D:6             Orc (0/2) D:9
Ossuary (visited)
   Lair: D:8-11

Altars:
Ashenzari
Cheibriados
Gozag
Kikubaaqudgha
Makhleb
Okawaru
Qazlal
Trog
Uskayaw
Wu Jian
Yredelemnul
Zin

Shops:
D:2 :   D:7 :   D:8 [

Annotations:
D:8 Scales of the Dragon King
D:10 exclusion: obsidian statue


Innate Abilities, Weirdness & Mutations

You regenerate a lot of health from kills.
When seriously injured, your blood forms thick armour. (AC +9)
Your touch may inflict irresistible damage on your foes.
You have a pair of small horns on your head.
You have sharp toenails.
You are agile. (Dex +4, Int/Str-1)
Your spells are a little harder to cast, but a little more powerful.


Message History

The smoke demon gestures at you. The ball of steam hits you!
* * * LOW HITPOINT WARNING * * *
Unknown command.
You sock the obsidian statue!
You headbutt the obsidian statue, but do no damage.
The obsidian statue is almost destroyed.
You are engulfed in a cloud of scalding steam.
You are covered in liquid flames!
* * * LOW HITPOINT WARNING * * *
The ice devil hits you but does no damage.
The hellwing closely misses you.
The hellwing hits you but does no damage.
The iron imp hits you but does no damage.
The quasit bites you but does no damage.
The quasit claws you but does no damage. x2
You feel much better.
You are engulfed in a cloud of scalding steam.
You are covered in liquid flames!
You are no longer on fire.
The quasit bites you but does no damage.
The quasit claws you but does no damage. x2
The smoke demon gestures at you. Something smites you!
* * * LOW HITPOINT WARNING * * *
The hellwing hits you!
* * * LOW HITPOINT WARNING * * *
The hellwing hits you!
* * * LOW HITPOINT WARNING * * *
The ice devil barely misses you.
The obsidian statue's eyes glow briefly.
The obsidian statue attempts to bespell you!
You resist with almost no effort.
The iron imp hits you but does no damage.
Okay, then.
Okay, then.
You thump the ice devil! Your headbutt misses the ice devil.
The ice devil is moderately wounded.
You are engulfed in a cloud of scalding steam.
You die...

#.)##############...#########
#...)).......................
#..#########.###########.....
#..#########.###########.####
#............................
#.........................4..
#.........#8.8#...........545
#.######.#8.548#.############
#.######.8.3@..8.############
#........#.485ยง#.............
#.<......8..5..8..........4..
#........#8...8#.........4...
#.######..#8#8#..#####..#####
#.#######.....^.######..#####
#............................
#............................
#........>........###########


You could see an obsidian statue, a hellwing (summoned), an ice devil
(summoned), a smoke demon (summoned), an iron imp (summoned), a quasit
(summoned) and a shadow imp (summoned).

Vanquished Creatures
  Gastronok (D:8)
  A two-headed ogre (D:10)
  Amaemon (D:9)
  Pikel (D:5)
  Psyche (D:9)
  Maggie (D:8)
  An orange demon (D:9)
  An unseen horror (D:10)
  A hornet (D:8)
  2 shadows
  Sigmund (D:5)
  9 yaks
  A steam dragon (D:5)
  An acid dragon (D:10)
  Duvessa (D:5)
  A water moccasin (D:7)
  An ice beast (D:6)
  6 orc warriors
  A sky beast (D:7)
  An ogre (D:3)
  3 centaurs
  A kobold brigand (D:7)
  A gnoll sergeant (D:6)
  5 water moccasin zombies (Ossuary)
  2 necrophages
  4 bullfrogs
  5 scorpions
  16 wights
  Dowan (D:5)
  24 killer bees
  2 howler monkeys (D:6)
  Crazy Yiuf (D:7)
  2 orc priests
  A gnoll shaman (D:6)
  5 hounds (D:6)
  A jelly (D:5)
  2 iguanas
  10 orc wizards
  2 mummies (Ossuary)
  16 gnolls
  9 adders
  2 shadow imps
  2 white imps (D:6)
  3 ufetubi
  6 adder zombies (Ossuary)
  4 worms
  2 dart slugs
  46 orcs
  6 ball pythons
  6 endoplasms
  4 giant cockroaches
  5 gnoll zombies (Ossuary)
  8 goblins
  5 hobgoblins
  4 quokkas
  6 bats
  2 frilled lizards
  A goblin zombie (D:6)
  A hobgoblin zombie (Ossuary)
  10 kobolds
  8 kobold zombies (Ossuary)
  6 orc zombies (Ossuary)
  10 rats
  A rat zombie (D:6)
295 creatures vanquished.

Vanquished Creatures (collateral kills)
  A hornet (D:9)
1 creature vanquished.

Vanquished Creatures (others)
  4 fungi (D:8)
  3 toadstools (D:8)
7 creatures vanquished.

Grand Total: 303 creatures vanquished

Notes
Turn   | Place    | Note
-------+----------+-------------------------------------------
     0 | D:1      | xian the Demonspawn Gladiator began the quest for the Orb.
     0 | D:1      | Reached XP level 1. HP: 16/16 MP: 1/1
   205 | D:1      | Gained mutation: When seriously injured, your blood forms
                  | armour. (AC +9) [demonic ancestry]
   205 | D:1      | Reached XP level 2. HP: 21/22 MP: 2/2
   320 | D:1      | Reached skill level 3 in Long Blades
   900 | D:2      | Gained mutation: Your touch may inflict minor irresistible
                  | damage on your foes. [demonic ancestry]
   900 | D:2      | Reached XP level 3. HP: 27/27 MP: 3/3
  1137 | D:2      | Found a faded altar of an unknown god.
  1429 | D:2      | Gained mutation: You regenerate a little health from kills.
                  | [demonic ancestry]
  1429 | D:2      | Reached XP level 4. HP: 25/34 MP: 4/4
  1715 | D:2      | Found Ustruup's Book Boutique.
  2327 | D:3      | Reached skill level 1 in Armour
  2582 | D:4      | Reached skill level 4 in Long Blades
  2765 | D:4      | Gained mutation: You regenerate health from kills. [demonic
                  | ancestry]
  2765 | D:4      | Reached XP level 5. HP: 39/39 MP: 5/5
  2827 | D:4      | Noticed an ogre
  3014 | D:3      | Killed an ogre
  3015 | D:3      | Reached XP level 6. HP: 27/46 MP: 6/6
  3353 | D:4      | Found an opulent altar of Gozag.
  3372 | D:4      | Reached skill level 5 in Long Blades
  3742 | D:5      | Entered Level 5 of the Dungeon
  3761 | D:5      | Identified the ring "Izoexax" {rN+ Int+6}
  3805 | D:5      | Gained mutation: You regenerate a lot of health from kills.
                  | [demonic ancestry]
  3805 | D:5      | Reached XP level 7. HP: 49/52 MP: 7/7
  3955 | D:5      | Noticed Pikel
  3982 | D:5      | Gained mutation: You have a pair of small horns on your
                  | head. [potion of mutation]
  3982 | D:5      | Gained mutation: Your spells are a little harder to cast,
                  | but a little more powerful. [potion of mutation]
  3982 | D:5      | Gained mutation: You have sharp toenails. [potion of
                  | mutation]
  3982 | D:5      | Gained mutation: You are agile. (Dex +4, Int/Str-1) [potion
                  | of mutation]
  3985 | D:5      | Killed Pikel
  3986 | D:5      | Reached skill level 6 in Long Blades
  3986 | D:5      | Reached XP level 8. HP: 18/58 MP: 8/8
  4591 | D:5      | Noticed Duvessa
  4591 | D:5      | Noticed Dowan
  4610 | D:5      | Killed Duvessa
  4611 | D:5      | Reached skill level 1 in Shields
  4611 | D:5      | Killed Dowan
  4612 | D:5      | Reached skill level 5 in Armour
  4612 | D:5      | Reached skill level 1 in Stealth
  4657 | D:5      | Noticed Sigmund
  4677 | D:5      | Killed Sigmund
  4797 | D:6      | Reached skill level 7 in Long Blades
  4919 | D:6      | Found a sand-covered staircase.
  4927 | Ossuary  | Entered an ossuary
  5097 | Ossuary  | Gained mutation: When seriously injured, your blood forms
                  | thick armour. (AC +9) [demonic ancestry]
  5097 | Ossuary  | Reached XP level 9. HP: 65/65 MP: 9/9
  5187 | D:6      | Reached skill level 8 in Long Blades
  5207 | D:6      | Found a staircase to the Ecumenical Temple.
  5216 | Temple   | Entered the Ecumenical Temple
  5377 | Temple   | Became a worshipper of the Wu Jian Council
  5867 | D:6      | Reached skill level 9 in Long Blades
  5868 | D:6      | Reached * piety under Wu Jian
  6286 | D:7      | Reached skill level 5 in Fighting
  6532 | D:7      | Found Teac's Book Boutique.
  6611 | D:7      | Found a runed translucent door.
  6612 | D:7      | Noticed Crazy Yiuf
  6620 | D:7      | Killed Crazy Yiuf
  6821 | D:7      | Reached XP level 10. HP: 74/74 MP: 10/10
  6877 | D:8      | Noticed Gastronok
  6889 | D:8      | Killed Gastronok
  6890 | D:8      | Reached skill level 10 in Long Blades
  6916 | D:8      | Paralysed by a hornet for 2 turns
  6949 | D:8      | Reached ** piety under Wu Jian
  7166 | D:8      | Noticed Maggie
  7185 | D:8      | Killed Maggie
  7217 | D:8      | Identified the +5 quarterstaff of Exquisite Death {vamp,
                  | Int+4 Dex+6}
  7289 | D:8      | Found Xaqatifi's Antique Armour Shop.
  7639 | D:9      | Reached skill level 1 in Staves
  7837 | D:9      | Noticed Amaemon
  7838 | D:9      | Noticed an orange demon
  8037 | D:9      | Paralysed by a hornet for 2 turns
  8047 | D:9      | Paralysed by a hornet for 2 turns
  8842 | D:9      | Identified the +3 leather armour of Prudence {Rampage Will+
                  | Dex+2}
  8894 | D:9      | Gained mutation: Your touch may inflict irresistible damage
                  | on your foes. [demonic ancestry]
  8894 | D:9      | Reached XP level 11. HP: 32/83 MP: 11/11
  8953 | D:9      | Killed Amaemon
  9420 | D:9      | Reached *** piety under Wu Jian
  9480 | D:9      | Found a staircase to the Orcish Mines.
  9536 | D:9      | Noticed Psyche
  9547 | D:9      | Killed Psyche
  9583 | D:9      | Reached skill level 5 in Staves
  9583 | D:9      | Reached skill level 1 in Evocations
 10008 | D:10     | Entered Level 10 of the Dungeon
 10244 | D:10     | Noticed a two-headed ogre
 10256 | D:10     | Killed a two-headed ogre
 10371 | D:10     | Identified a scroll of acquirement
 10372 | D:10     | Acquired the +0 plate armour of Suxacage {rPois rF- Will+}
 10707 | D:10     | Noticed an obsidian statue
 10885 | D:10     | Identified the ring "Ari Gyawk" {rPois rF+ Int+4}
 11625 | D:10     | HP: 3/84 [hellwing[an obsidian statue] (7)]
 11626 | D:10     | Engulfed by a smoke demon's steam

Illustrated notes

Levels and vault maps discovered:
D:1:      sevenhm_arrival_forest_fort_small_6, layout_basic, minmay_cut_off
D:2:      minmay_angry_zag, layout_loops_corners, serial_shops,
          nicolae_shop_hallway_plus, basic_ecumenical_altar
D:3:      minmay_octagon_keep, layout_loops_ring
D:4:      layout_loops_corners, grunt_temple_overflow_gold_and_silver
D:5:      layout_basic, hangedman_decor_clover_reticule, uniq_duvessa,
          uniq_sigmund, uniq_pikel
D:6:      minmay_diamond_boxcup, layout_basic, lemuel_temple_firewalk_b,
          enter_ossuary_4
D:7:      layout_basic, serial_shops, nicolae_shop_behind_doors,
          kennysheep_generic_room_3, uniq_crazy_yiuf_cottage
D:8:      layout_rooms, serial_shops, nicolae_shop_behind_doors,
          minmay_misc_feat_plants, minmay_gold_behind_fungi, uniq_gastronok,
          uniq_maggie
D:9:      layout_gridville, hiddenorc1_lemuel, uniq_psyche, uniq_amaemon
D:10:     layout_long_grid, minmay_statue_bubble
Temple:   mainiacjoe_temple_cubbyholes

Skill      XL: |  1  2  3  4  5  6  7  8  9 10 11 |
---------------+----------------------------------+-----
Dodging        | 3 4 |  4.5
Long Blades    | 3 4 5 6 7 9 10 | 10.7
Armour         | 1 2 3 4 5 6 7 8 |  8.0
Fighting       | 3 4 5 6 7 |  7.1
Shields        | 1 3 4 |  4.6
Stealth        | 1 |  1.2
Throwing       | 2 3 |  3.0
Staves         | 3 7 |  7.5
Evocations     | 1 |  1.1

Action                   |  1- 3 |  4- 6 |  7- 9 | 10-12 || total
-------------------------+-------+-------+-------+-------++-------
Melee: Long sword        |    91 |   140 |   411 |    81 ||   723
       Touch             |     6 |    19 |       |       ||    25
       Punch             |       |     1 |       |       ||     1
       Kick              |       |       |   135 |    55 ||   190
       Headbutt          |       |       |    70 |   108 ||   178
       Quarterstaff      |       |       |       |   340 ||   340
       Unarmed           |       |       |       |     2 ||     2
Throw: Dart              |       |       |     5 |    13 ||    18
       Throwing net      |       |       |     1 |     1 ||     2
Invok: Lunge             |       |       |    13 |    21 ||    34
       Whirlwind         |       |       |     4 |    41 ||    45
Evoke: Wand              |       |     1 |     4 |     6 ||    11
       Phantom mirror    |       |       |       |     1 ||     1
  Use: Scroll            |    10 |     7 |     8 |     7 ||    32
       Potion            |       |     3 |     6 |    18 ||    27
 Stab: Invisible         |       |       |       |     1 ||     1
Armor: Leather armour    |    42 |    21 |       |       ||    63
       Ring mail         |       |    22 |       |       ||    22
       Plate armour      |       |    43 |   264 |   403 ||   710
       Skin              |       |       |       |    54 ||    54
Dodge: Dodged            |    72 |   113 |    94 |   315 ||   594
Block: Buckler           |       |     2 |   144 |    41 ||   187

Table legend: (Time is in decaauts)
 A = Elapsed time spent in this place.
 B = Non-inter-level travel time spent in this place.
 C = Inter-level travel time spent in this place.
 D = Time resting spent in this place.
 E = Time spent auto-exploring this place.
 F = Levels seen in this place.
 G = Mean time per level.
                   A        B        C        D        E       F      G
               +--------+--------+--------+--------+--------+-----+--------+
         Total |  11668 |  11439 |    229 |    914 |   5845 |  12 |  972.3 |
       Dungeon |  11176 |  11034 |    142 |    914 |   5691 |  10 | 1117.6 |
        Temple |    250 |    163 |     87 |      0 |    154 |   1 |  250.0 |
       Ossuary |    241 |    241 |      0 |      0 |      0 |   1 |  241.0 |
               +--------+--------+--------+--------+--------+-----+--------+

Top non-repeatable levels by time:
     D:9: 2398 daAuts
    D:10: 1612 daAuts
     D:4: 1151 daAuts
     D:2: 1028 daAuts
     D:5: 1004 daAuts
     D:6: 857 daAuts
     D:1: 845 daAuts
     D:7: 783 daAuts
     D:3: 748 daAuts
     D:8: 746 daAuts
  Temple: 250 daAuts
 Ossuary: 241 daAuts
